cohdb
Replays
Latest Replays
All Replays
Popular Replays
Top Player Replays
Match Explorer
How It Works
Community
CoH3 Stats
Reddit
Sign in to upload your games and track your stats! →
Sign in with Steam
Match 41297213
Unlisted
Match 41297213
Overview
Messages
Build Orders
End
Selects Italian Combined Arms Battlegroup
Selects Bersaglieri Squad
Bersaglieri Squad
Panzerpioneer Squad
Bersaglieri Squad
Construct Light Support Kompanie
2.5-tonne Medical Truck
Bersaglieri Squad
Fire Support Elements
Selects Bersaglieri Bolster
Pak 38 Mechanized Group
Selects Breda Model 30 Light Machine Guns
Flakvierling Half-track
Construct Panzerarmee Kommand
Pak 38 Mechanized Group
Selects Semovente da 75/18 Assault Gun
Flak 36 Anti-tank Gun Team
Selects Strafing Run
Selects Artillery Cover
UH|dun! ツ
McVodka
reDHeaDReplica
ClemNox
Dévastro
supernova0102
0
0
Comments
sign in to comment!
No comments posted yet!